[ PARTIDA AOE2 · #473409254 ]
Team RMCeltas vs Mongols
[ ANÁLISIS DE REPETICIÓN · EXTRAÍDO DE LA PARTIDA GRABADA ]
Feudal
14:50
Castillos
22:52
Imperial
41:17
| APM promedio | 15.0 |
| APM pico | 33 |
| eAPM promedio | 12.8 |
| Aldeanos / militares | 92 / 146 |
Foco
⚔️ 27.7% · 🌾 72.3%
Woad Raider ×72 · Mangonel ×65 · Trade Cart ×13 · Fishing Ship ×11 · Trebuchet (Packed) ×8 · Monk ×1
Feudal
14:44
Castillos
20:06
Imperial
32:57
| APM promedio | 26.6 |
| APM pico | 87 |
| eAPM promedio | 20.0 |
| Aldeanos / militares | 181 / 370 |
Foco
⚔️ 31.5% · 🌾 68.5%
Spearman ×120 · Hussite Wagon ×86 · Skirmisher ×55 · Hand Cannoneer ×52 · Bombard Cannon ×28 · Trade Cart ×19
Feudal
12:57
Castillos
18:11
Imperial
31:33
| APM promedio | 27.8 |
| APM pico | 57 |
| eAPM promedio | 16.9 |
| Aldeanos / militares | 123 / 196 |
Foco
⚔️ 25.7% · 🌾 74.3%
Hand Cannoneer ×149 · Trade Cart ×56 · Bombard Cannon ×33 · Fishing Ship ×13 · Hussite Wagon ×11 · Mangonel ×2
Feudal
15:06
Castillos
39:06
Imperial
53:42
| APM promedio | 20.7 |
| APM pico | 49 |
| eAPM promedio | 14.3 |
| Aldeanos / militares | 133 / 102 |
Foco
⚔️ 22.7% · 🌾 77.3%
Militia ×64 · Archer ×12 · Mangonel ×11 · Trade Cart ×11 · Scorpion ×10 · Centurion ×4
Feudal
12:48
Castillos
22:59
Imperial
37:17
| APM promedio | 18.6 |
| APM pico | 39 |
| eAPM promedio | 14.6 |
| Aldeanos / militares | 100 / 623 |
Foco
⚔️ 46.1% · 🌾 53.9%
Huskarl ×513 · Scout Cavalry ×58 · Militia ×48 · Monk ×2 · Battering Ram ×2
Feudal
12:43
Castillos
16:58
Imperial
31:54
| APM promedio | 21.1 |
| APM pico | 57 |
| eAPM promedio | 13.2 |
| Aldeanos / militares | 84 / 277 |
Foco
⚔️ 28.3% · 🌾 71.7%
Mangudai ×214 · Trade Cart ×34 · Fishing Ship ×30 · Mangonel ×20 · Scorpion ×16 · Scout Cavalry ×14
Mapa de la partida
Recursos iniciales + cada clic de construcción. Líneas = muros · curvas = relieve. ◆ oro · ⬟ piedra · ● bayas · ✦ reliquia · ◌ hueco del cierre
Tu base· ✓ Cerrada en 22:52 · 37t muro · 6 puerta(s)
Base de M.S.· ✓ Cerrada en 20:06 · 49t muro · 3 puerta(s)
Base de Jagobert Juck· ✓ Cerrada en 18:11 · 10t muro · 2 puerta(s) · frágil
Base de Essig· ✓ Cerrada en 39:06 · 14t muro · 1 puerta(s) · frágil
Base de Geosim· ✓ Cerrada en 22:59 · 18t muro · 3 puerta(s)
Base de BobTheNoob_AoE· ✓ Cerrada en 16:58 · 2t muro · 1 puerta(s) · frágil
Terreno inicial suavizado · ◌ = hueco del cierre detectado · pasá el cursor para detalles
Inputs por minuto
— simirfan - - M.S.
Build order — simirfan
Primeras 150 de 352 acciones detectadas
| 0:02 | Investigar | Loom |
| 0:02 | Crear | Villager (Male) ×4 |
| 0:04 | Construir | House |
| 0:06 | Construir | House |
| 0:25 | Construir | Palisade Wall |
| 1:14 | Construir | Palisade Gate |
| 2:18 | Construir | Palisade Gate |
| 3:20 | Crear | Villager (Male) |
| 3:46 | Construir | House |
| 4:02 | Crear | Villager (Male) |
| 4:18 | Crear | Villager (Male) |
| 4:40 | Crear | Villager (Male) |
| 5:08 | Construir | House |
| 5:35 | Crear | Villager (Male) |
| 5:40 | Crear | Villager (Male) |
| 6:16 | Construir | Palisade Wall |
| 6:48 | Crear | Villager (Male) ×2 |
| 7:18 | Construir | Mill |
| 7:25 | Construir | House |
| 8:00 | Construir | House |
| 8:10 | Construir | House |
| 8:12 | Construir | House |
| 8:30 | Crear | Villager (Male) |
| 8:35 | Crear | Villager (Male) |
| 8:51 | Crear | Villager (Male) ×4 |
| 9:07 | Construir | Lumber Camp |
| 9:34 | Crear | Villager (Male) |
| 10:52 | Construir | Mill |
| 11:06 | Crear | Villager (Male) |
| 11:25 | Construir | Lumber Camp |
| 11:44 | Crear | Villager (Male) |
| 11:47 | Crear | Villager (Male) |
| 12:22 | Construir | Mining Camp |
| 12:28 | Investigar | Feudal Age |
| 13:32 | Construir | Palisade Wall |
| 13:35 | Construir | House |
| 13:40 | Crear | Villager (Male) |
| 13:59 | Construir | Dock |
| 14:16 | Construir | Mill |
| 14:25 | Crear | Villager (Male) |
| 14:25 | Crear | Villager (Male) |
| 14:45 | Construir | House |
| 14:50 | Edad | Edad Feudal |
| 15:02 | Construir | Stone Wall |
| 15:04 | Construir | Stone Wall |
| 15:08 | Construir | Stone Wall |
| 15:18 | Construir | Blacksmith |
| 15:27 | Construir | Market |
| 15:36 | Crear | Villager (Male) |
| 15:40 | Investigar | Double-Bit Axe |
| 15:46 | Crear | Villager (Male) |
| 16:07 | Construir | Stone Wall |
| 16:28 | Crear | Villager (Male) |
| 16:33 | Crear | Fishing Ship |
| 16:34 | Crear | Fishing Ship |
| 16:41 | Crear | Villager (Male) |
| 17:01 | Construir | House |
| 17:03 | Construir | House |
| 17:11 | Construir | Barracks |
| 17:26 | Crear | Trade Cart |
| 17:40 | Construir | Gate |
| 17:48 | Construir | Gate |
| 17:53 | Construir | Stone Wall |
| 18:04 | Investigar | Horse Collar |
| 18:12 | Investigar | Tech 906 |
| 18:13 | Crear | Fishing Ship |
| 18:23 | Crear | Villager (Male) |
| 18:24 | Crear | Villager (Male) |
| 19:01 | Construir | House |
| 19:06 | Construir | Mining Camp |
| 19:15 | Crear | Villager (Male) |
| 19:16 | Crear | Villager (Male) |
| 19:32 | Construir | Farm |
| 19:32 | Construir | Farm |
| 19:32 | Construir | Farm |
| 19:33 | Construir | Farm |
| 19:33 | Construir | Farm |
| 19:33 | Construir | Farm |
| 19:33 | Construir | Farm |
| 19:34 | Construir | Farm |
| 19:34 | Construir | Farm |
| 20:06 | Construir | Farm |
| 20:06 | Construir | Farm |
| 20:07 | Construir | Farm |
| 20:07 | Construir | Farm |
| 20:07 | Construir | Farm |
| 20:08 | Construir | Farm |
| 20:08 | Construir | Farm |
| 20:12 | Investigar | Castle Age |
| 20:25 | Construir | Farm |
| 20:25 | Construir | Farm |
| 20:25 | Construir | Farm |
| 20:26 | Construir | Farm |
| 20:26 | Construir | Farm |
| 20:28 | Construir | Farm |
| 20:28 | Construir | Farm |
| 20:28 | Construir | Farm |
| 20:28 | Construir | Farm |
| 20:45 | Investigar | Gold Mining |
| 21:09 | Construir | Gate |
| 21:12 | Construir | Gate |
| 21:16 | Construir | Stone Wall |
| 21:28 | Investigar | Stone Mining |
| 21:32 | Crear | Villager (Male) |
| 21:36 | Crear | Fishing Ship |
| 21:37 | Crear | Fishing Ship |
| 22:08 | Crear | Villager (Male) |
| 22:13 | Crear | Fishing Ship |
| 22:32 | Crear | Trade Cart |
| 22:34 | Crear | Trade Cart |
| 22:52 | Edad | Edad de los Castillos |
| 23:03 | Crear | Villager (Male) |
| 23:03 | Crear | Villager (Male) |
| 23:04 | Crear | Villager (Male) |
| 23:21 | Construir | Town Center |
| 23:33 | Investigar | Bow Saw |
| 23:41 | Investigar | Heavy Plow |
| 24:02 | Construir | Stone Wall |
| 24:12 | Crear | Villager (Male) |
| 24:12 | Crear | Villager (Male) |
| 24:32 | Crear | Villager (Male) ×5 |
| 24:36 | Investigar | Town Watch |
| 24:39 | Crear | Villager (Male) |
| 24:59 | Construir | Siege Workshop |
| 25:09 | Investigar | Stone Shaft Mining |
| 25:18 | Construir | Fish Trap |
| 25:27 | Construir | Fish Trap |
| 25:29 | Construir | Fish Trap |
| 25:31 | Construir | Fish Trap |
| 25:34 | Construir | Fish Trap |
| 25:37 | Construir | Fish Trap |
| 25:44 | Crear | Villager (Male) |
| 25:44 | Crear | Villager (Male) |
| 25:46 | Crear | Villager (Male) |
| 25:47 | Crear | Villager (Male) |
| 26:10 | Crear | Trade Cart |
| 26:18 | Construir | House |
| 26:19 | Construir | House |
| 26:20 | Construir | House |
| 26:23 | Construir | House |
| 26:55 | Construir | Castle |
| 27:01 | Construir | Mining Camp |
| 27:23 | Construir | Town Center |
| 27:34 | Construir | House |
| 27:36 | Construir | House |
| 27:36 | Construir | House |
| 27:37 | Construir | House |
| 27:44 | Investigar | Gold Shaft Mining |
| 27:49 | Investigar | Wheelbarrow |
| 27:50 | Investigar | Town Patrol |
Build order — M.S.
Primeras 150 de 504 acciones detectadas
| 0:01 | Investigar | Loom |
| 0:01 | Crear | Villager (Male) ×4 |
| 0:01 | Crear | Villager (Male) |
| 0:01 | Crear | Villager (Male) |
| 0:01 | Crear | Villager (Male) |
| 0:01 | Crear | Villager (Male) |
| 0:01 | Crear | Villager (Male) |
| 0:01 | Crear | Villager (Male) |
| 0:01 | Crear | Villager (Male) |
| 0:01 | Crear | Villager (Male) |
| 0:01 | Crear | Villager (Male) |
| 0:01 | Crear | Villager (Male) |
| 0:01 | Crear | Villager (Male) |
| 0:01 | Crear | Villager (Male) |
| 0:01 | Crear | Villager (Male) |
| 0:01 | Crear | Villager (Male) |
| 0:01 | Crear | Villager (Male) |
| 0:01 | Crear | Villager (Male) |
| 0:01 | Crear | Villager (Male) |
| 0:01 | Crear | Villager (Male) |
| 0:01 | Crear | Villager (Male) |
| 0:01 | Crear | Villager (Male) |
| 0:01 | Crear | Villager (Male) |
| 0:01 | Crear | Villager (Male) |
| 0:01 | Crear | Villager (Male) |
| 0:01 | Crear | Villager (Male) |
| 0:03 | Construir | House |
| 1:14 | Construir | Palisade Wall |
| 1:18 | Construir | Palisade Wall |
| 1:45 | Construir | Palisade Gate |
| 1:50 | Construir | Palisade Wall |
| 2:01 | Crear | Villager (Male) |
| 2:01 | Crear | Villager (Male) |
| 2:21 | Construir | Palisade Gate |
| 2:54 | Crear | Villager (Male) |
| 3:23 | Crear | Villager (Male) |
| 3:54 | Crear | Villager (Male) |
| 3:54 | Crear | Villager (Male) |
| 4:00 | Construir | House |
| 4:09 | Crear | Villager (Male) |
| 4:38 | Construir | House |
| 4:40 | Construir | House |
| 4:45 | Construir | House |
| 4:47 | Construir | House |
| 4:59 | Crear | Villager (Male) |
| 5:19 | Crear | Villager (Male) |
| 5:19 | Crear | Villager (Male) |
| 5:53 | Crear | Villager (Male) |
| 6:22 | Construir | Mill |
| 6:25 | Crear | Villager (Male) |
| 6:25 | Crear | Villager (Male) |
| 6:34 | Construir | House |
| 7:58 | Crear | Villager (Male) |
| 7:59 | Crear | Villager (Male) |
| 7:59 | Crear | Villager (Male) |
| 7:59 | Crear | Villager (Male) |
| 8:04 | Crear | Villager (Male) |
| 8:05 | Crear | Villager (Male) |
| 8:31 | Construir | Palisade Gate |
| 9:00 | Crear | Villager (Male) |
| 9:38 | Crear | Villager (Male) |
| 9:39 | Crear | Villager (Male) |
| 9:39 | Crear | Villager (Male) |
| 10:10 | Crear | Villager (Male) |
| 10:42 | Construir | Lumber Camp |
| 10:46 | Crear | Villager (Male) |
| 10:46 | Crear | Villager (Male) |
| 11:07 | Crear | Villager (Male) |
| 12:22 | Investigar | Feudal Age |
| 12:51 | Construir | Mining Camp |
| 13:04 | Construir | Mill |
| 14:44 | Edad | Edad Feudal |
| 14:52 | Construir | Gate |
| 14:57 | Construir | Stone Wall |
| 15:00 | Construir | Stone Wall |
| 15:15 | Crear | Villager (Male) |
| 15:15 | Crear | Villager (Male) |
| 15:15 | Crear | Villager (Male) |
| 15:24 | Construir | Mill |
| 15:41 | Construir | Market |
| 15:47 | Construir | Blacksmith |
| 16:11 | Construir | Stone Wall |
| 16:36 | Crear | Villager (Male) |
| 16:37 | Crear | Villager (Male) |
| 16:37 | Crear | Villager (Male) |
| 16:59 | Construir | Dock |
| 17:11 | Investigar | Castle Age |
| 17:34 | Construir | Farm |
| 17:34 | Construir | Farm |
| 17:34 | Construir | Farm |
| 17:35 | Construir | Farm |
| 17:35 | Construir | Farm |
| 17:35 | Construir | Farm |
| 17:35 | Construir | Farm |
| 17:36 | Construir | Farm |
| 17:36 | Construir | Farm |
| 17:55 | Crear | Demolition Raft |
| 17:59 | Crear | Fishing Ship |
| 18:12 | Investigar | Double-Bit Axe |
| 18:17 | Construir | House |
| 18:18 | Construir | House |
| 19:01 | Construir | Gate |
| 19:06 | Construir | Stone Wall |
| 19:16 | Crear | Fishing Ship |
| 19:19 | Construir | House |
| 19:22 | Construir | House |
| 19:24 | Construir | House |
| 19:26 | Construir | House |
| 19:27 | Construir | House |
| 19:42 | Investigar | Horse Collar |
| 19:56 | Crear | Trade Cart |
| 20:00 | Crear | Villager (Male) |
| 20:00 | Crear | Villager (Male) |
| 20:06 | Edad | Edad de los Castillos |
| 20:50 | Construir | Town Center |
| 20:54 | Investigar | Wheelbarrow |
| 21:03 | Crear | Villager (Male) |
| 21:18 | Crear | Fishing Ship |
| 22:19 | Crear | Villager (Male) |
| 22:20 | Crear | Villager (Male) |
| 22:20 | Crear | Villager (Male) |
| 22:26 | Investigar | Tech 906 |
| 22:27 | Crear | Transport Ship |
| 22:29 | Crear | Fishing Ship |
| 22:32 | Crear | Fishing Ship |
| 22:40 | Construir | Farm |
| 22:40 | Construir | Farm |
| 22:41 | Construir | Farm |
| 22:41 | Construir | Farm |
| 22:41 | Construir | Farm |
| 22:41 | Construir | Farm |
| 22:43 | Crear | Villager (Male) |
| 22:44 | Crear | Villager (Male) |
| 22:45 | Crear | Villager (Male) |
| 22:46 | Crear | Villager (Male) |
| 22:46 | Crear | Villager (Male) |
| 23:30 | Crear | Villager (Male) |
| 23:32 | Crear | Villager (Male) |
| 23:32 | Crear | Villager (Male) |
| 23:44 | Investigar | Bow Saw |
| 23:46 | Investigar | Heavy Plow |
| 24:07 | Construir | Monastery |
| 24:12 | Construir | Farm |
| 24:12 | Construir | Farm |
| 24:13 | Construir | Farm |
| 24:13 | Construir | Farm |
| 24:13 | Construir | Farm |
| 24:15 | Crear | Villager (Male) |
| 24:17 | Crear | Villager (Male) |
| 24:17 | Crear | Villager (Male) |
Build order — Jagobert Juck
Primeras 150 de 411 acciones detectadas
| 0:01 | Crear | Villager (Male) |
| 0:03 | Construir | House |
| 0:05 | Construir | House |
| 0:09 | Crear | Villager (Male) |
| 0:09 | Crear | Villager (Male) |
| 0:09 | Crear | Villager (Male) |
| 1:24 | Construir | Lumber Camp |
| 1:25 | Crear | Villager (Male) |
| 1:51 | Investigar | Loom |
| 2:10 | Crear | Villager (Male) |
| 2:28 | Crear | Villager (Male) |
| 2:42 | Construir | Palisade Gate |
| 2:47 | Construir | Palisade Wall |
| 3:01 | Construir | Palisade Wall |
| 3:02 | Construir | Palisade Wall |
| 3:08 | Crear | Villager (Male) |
| 3:08 | Crear | Villager (Male) |
| 3:38 | Construir | House |
| 3:45 | Crear | Villager (Male) |
| 4:22 | Crear | Villager (Male) |
| 4:37 | Crear | Villager (Male) |
| 5:16 | Crear | Villager (Male) |
| 5:16 | Crear | Villager (Male) |
| 5:24 | Construir | Mining Camp |
| 5:50 | Construir | House |
| 5:53 | Construir | House |
| 5:56 | Crear | Villager (Male) |
| 5:56 | Crear | Villager (Male) |
| 6:46 | Construir | Mill |
| 6:48 | Crear | Villager (Male) |
| 6:48 | Crear | Villager (Male) |
| 8:00 | Crear | Villager (Male) |
| 8:25 | Crear | Villager (Male) |
| 9:07 | Crear | Villager (Male) |
| 9:08 | Crear | Villager (Male) |
| 9:08 | Crear | Villager (Male) |
| 9:33 | Crear | Villager (Male) |
| 9:34 | Crear | Villager (Male) |
| 9:34 | Crear | Villager (Male) |
| 9:46 | Crear | Villager (Male) |
| 9:46 | Crear | Villager (Male) |
| 9:46 | Crear | Villager (Male) |
| 10:05 | Construir | Mining Camp |
| 10:21 | Crear | Villager (Male) |
| 10:47 | Investigar | Feudal Age |
| 11:25 | Crear | Villager (Male) |
| 11:25 | Crear | Villager (Male) |
| 11:26 | Crear | Villager (Male) |
| 11:50 | Construir | Dock |
| 12:03 | Construir | House |
| 12:57 | Edad | Edad Feudal |
| 12:59 | Construir | Market |
| 13:02 | Construir | Mining Camp |
| 13:18 | Crear | Villager (Male) |
| 13:23 | Construir | Blacksmith |
| 13:27 | Construir | Farm |
| 13:28 | Construir | Farm |
| 13:29 | Construir | Farm |
| 13:30 | Construir | Farm |
| 13:32 | Crear | Fishing Ship |
| 13:32 | Crear | Fishing Ship |
| 13:37 | Construir | Farm |
| 13:55 | Construir | Farm |
| 14:04 | Construir | Farm |
| 14:13 | Construir | Stone Wall |
| 14:19 | Construir | Gate |
| 14:24 | Construir | Stone Wall |
| 14:41 | Crear | Villager (Male) |
| 14:42 | Crear | Villager (Male) |
| 14:46 | Construir | Farm |
| 14:47 | Construir | Farm |
| 15:10 | Crear | Villager (Male) |
| 15:13 | Investigar | Castle Age |
| 15:19 | Crear | Fishing Ship |
| 15:19 | Crear | Fishing Ship |
| 15:26 | Construir | House |
| 15:28 | Construir | House |
| 15:33 | Construir | House |
| 15:36 | Construir | House |
| 15:37 | Construir | House |
| 15:47 | Construir | House |
| 15:50 | Construir | House |
| 15:51 | Construir | House |
| 16:07 | Investigar | Double-Bit Axe |
| 16:18 | Investigar | Horse Collar |
| 16:31 | Investigar | Tech 906 |
| 16:45 | Investigar | Wheelbarrow |
| 17:31 | Crear | Villager (Male) |
| 17:31 | Crear | Villager (Male) |
| 18:11 | Edad | Edad de los Castillos |
| 18:16 | Construir | Town Center |
| 18:53 | Construir | Town Center |
| 20:06 | Crear | Villager (Male) |
| 20:06 | Crear | Villager (Male) |
| 20:07 | Crear | Villager (Male) |
| 20:07 | Crear | Villager (Male) |
| 20:10 | Investigar | Heavy Plow |
| 20:30 | Crear | Villager (Male) |
| 20:31 | Crear | Villager (Male) |
| 20:31 | Crear | Villager (Male) |
| 20:31 | Crear | Villager (Male) |
| 20:36 | Investigar | Bow Saw |
| 20:41 | Crear | Villager (Male) |
| 20:41 | Crear | Villager (Male) |
| 20:41 | Crear | Villager (Male) |
| 20:42 | Crear | Villager (Male) |
| 20:42 | Crear | Villager (Male) |
| 20:43 | Crear | Villager (Male) |
| 20:43 | Crear | Villager (Male) |
| 20:44 | Crear | Villager (Male) |
| 20:44 | Crear | Villager (Male) |
| 20:57 | Construir | Farm |
| 21:02 | Construir | Farm |
| 21:11 | Crear | Villager (Male) |
| 21:11 | Crear | Villager (Male) |
| 21:26 | Construir | Monastery |
| 21:35 | Construir | Farm |
| 21:36 | Construir | Farm |
| 21:39 | Crear | Fishing Ship |
| 21:55 | Construir | Fish Trap |
| 22:07 | Construir | Fish Trap |
| 22:16 | Crear | Monk |
| 22:29 | Construir | Siege Workshop |
| 22:36 | Construir | Castle |
| 22:38 | Crear | Villager (Male) |
| 22:39 | Crear | Villager (Male) |
| 22:39 | Crear | Villager (Male) |
| 22:44 | Construir | Farm |
| 22:45 | Construir | Farm |
| 22:46 | Construir | Farm |
| 22:47 | Construir | Farm |
| 22:48 | Construir | Farm |
| 22:54 | Construir | Farm |
| 22:55 | Construir | Farm |
| 22:56 | Construir | Farm |
| 23:05 | Construir | Mining Camp |
| 23:31 | Investigar | Fervor |
| 23:31 | Crear | Villager (Male) |
| 23:32 | Crear | Villager (Male) |
| 23:32 | Crear | Villager (Male) |
| 23:33 | Crear | Villager (Male) |
| 23:34 | Crear | Villager (Male) |
| 23:34 | Crear | Villager (Male) |
| 23:35 | Crear | Villager (Male) |
| 23:38 | Investigar | Hand Cart |
| 23:39 | Crear | Villager (Male) |
| 23:39 | Crear | Villager (Male) |
| 23:50 | Crear | Mangonel |
| 24:03 | Construir | Fish Trap |
| 24:06 | Crear | Fishing Ship |
Build order — Essig
Primeras 150 de 421 acciones detectadas
| 0:02 | Construir | House |
| 0:03 | Crear | Villager (Male) |
| 0:04 | Crear | Villager (Male) |
| 0:04 | Crear | Villager (Male) |
| 0:04 | Crear | Villager (Male) |
| 0:04 | Crear | Villager (Male) |
| 0:05 | Construir | House |
| 1:27 | Investigar | Loom |
| 2:44 | Crear | Villager (Male) |
| 2:44 | Crear | Villager (Male) |
| 2:45 | Crear | Villager (Male) |
| 2:59 | Construir | House |
| 3:31 | Construir | Palisade Wall |
| 3:45 | Construir | House |
| 3:58 | Construir | Palisade Wall |
| 4:01 | Construir | Palisade Wall |
| 4:06 | Crear | Villager (Male) |
| 4:06 | Crear | Villager (Male) |
| 4:24 | Crear | Villager (Male) |
| 5:03 | Crear | Villager (Male) |
| 5:39 | Construir | Palisade Gate |
| 5:45 | Construir | Palisade Wall |
| 6:03 | Construir | Palisade Wall |
| 6:19 | Construir | Mill |
| 6:21 | Crear | Villager (Male) |
| 6:21 | Crear | Villager (Male) |
| 6:53 | Construir | Lumber Camp |
| 6:56 | Crear | Villager (Male) |
| 7:51 | Crear | Villager (Male) |
| 7:51 | Crear | Villager (Male) |
| 7:51 | Crear | Villager (Male) |
| 7:58 | Construir | Mining Camp |
| 8:12 | Construir | Farm |
| 8:14 | Construir | Farm |
| 8:15 | Construir | Farm |
| 8:20 | Crear | Villager (Male) |
| 9:20 | Construir | Lumber Camp |
| 9:26 | Crear | Villager (Male) |
| 9:26 | Crear | Villager (Male) |
| 9:31 | Construir | House |
| 10:12 | Crear | Villager (Male) |
| 10:18 | Crear | Villager (Male) |
| 10:32 | Crear | Villager (Male) |
| 11:16 | Construir | House |
| 11:21 | Construir | Mining Camp |
| 11:31 | Crear | Villager (Male) |
| 11:32 | Crear | Villager (Male) |
| 11:54 | Construir | Barracks |
| 11:57 | Crear | Villager (Male) |
| 12:04 | Construir | Mill |
| 12:20 | Construir | Farm |
| 12:20 | Construir | Farm |
| 12:23 | Crear | Villager (Male) |
| 12:56 | Investigar | Feudal Age |
| 12:58 | Crear | Villager (Male) |
| 13:56 | Construir | Barracks |
| 14:02 | Construir | Palisade Gate |
| 14:26 | Construir | Barracks |
| 14:43 | Construir | House |
| 15:06 | Edad | Edad Feudal |
| 15:19 | Crear | Villager (Male) |
| 15:20 | Crear | Villager (Male) |
| 15:28 | Construir | House |
| 15:31 | Construir | House |
| 15:33 | Construir | House |
| 15:43 | Construir | Archery Range |
| 15:46 | Investigar | Man-at-Arms (upgrade) |
| 16:00 | Construir | House |
| 16:12 | Construir | Archery Range |
| 16:26 | Crear | Archer |
| 16:26 | Crear | Archer |
| 16:32 | Construir | Barracks |
| 16:39 | Crear | Villager (Male) |
| 16:40 | Crear | Villager (Male) |
| 16:40 | Crear | Villager (Male) |
| 16:51 | Crear | Militia |
| 17:28 | Crear | Militia |
| 17:28 | Crear | Militia |
| 17:41 | Crear | Militia |
| 18:01 | Construir | Farm |
| 18:02 | Construir | Farm |
| 18:03 | Construir | Farm |
| 18:03 | Construir | Farm |
| 18:03 | Construir | Farm |
| 18:13 | Crear | Archer |
| 18:17 | Crear | Skirmisher |
| 18:35 | Construir | Blacksmith |
| 18:41 | Crear | Archer |
| 18:43 | Crear | Archer |
| 19:07 | Crear | Militia |
| 19:07 | Crear | Militia |
| 20:41 | Crear | Archer |
| 20:41 | Crear | Archer |
| 20:41 | Crear | Archer |
| 20:42 | Crear | Archer |
| 20:42 | Crear | Archer |
| 20:42 | Crear | Archer |
| 20:45 | Crear | Villager (Male) |
| 20:45 | Crear | Villager (Male) |
| 20:45 | Crear | Villager (Male) |
| 20:45 | Crear | Villager (Male) |
| 20:46 | Crear | Villager (Male) |
| 20:55 | Investigar | Fletching |
| 20:56 | Investigar | Forging |
| 21:05 | Crear | Villager (Male) |
| 21:08 | Construir | Farm |
| 21:09 | Construir | Farm |
| 21:09 | Construir | Farm |
| 21:20 | Crear | Archer |
| 21:23 | Crear | Militia |
| 21:40 | Construir | House |
| 21:42 | Construir | House |
| 22:49 | Construir | Stone Wall |
| 22:51 | Construir | Stone Wall |
| 23:21 | Crear | Villager (Male) |
| 23:21 | Crear | Villager (Male) |
| 23:21 | Crear | Villager (Male) |
| 23:27 | Construir | House |
| 23:30 | Construir | House |
| 23:36 | Construir | Market |
| 23:38 | Construir | House |
| 23:39 | Construir | House |
| 23:43 | Crear | Villager (Male) |
| 23:45 | Crear | Villager (Male) |
| 23:45 | Crear | Villager (Male) |
| 23:46 | Construir | Farm |
| 23:47 | Construir | Farm |
| 23:47 | Construir | Farm |
| 23:47 | Construir | Farm |
| 23:48 | Construir | Farm |
| 23:48 | Construir | Farm |
| 23:50 | Crear | Villager (Male) |
| 25:48 | Construir | Mining Camp |
| 26:51 | Construir | Town Center |
| 28:08 | Construir | House |
| 28:10 | Construir | House |
| 28:11 | Crear | Villager (Male) |
| 28:11 | Crear | Villager (Male) |
| 28:12 | Crear | Villager (Male) |
| 28:12 | Crear | Villager (Male) |
| 28:15 | Construir | Farm |
| 28:15 | Construir | Farm |
| 28:16 | Construir | Farm |
| 28:16 | Construir | Farm |
| 28:16 | Construir | Farm |
| 28:17 | Construir | Farm |
| 28:17 | Construir | Farm |
| 28:17 | Construir | Farm |
| 28:54 | Crear | Villager (Male) |
| 29:00 | Construir | House |
Build order — Geosim
Primeras 150 de 436 acciones detectadas
| 0:01 | Investigar | Loom |
| 0:02 | Crear | Villager (Male) ×4 |
| 0:03 | Construir | House |
| 0:04 | Construir | House |
| 0:41 | Construir | Palisade Wall |
| 1:29 | Crear | Villager (Male) |
| 1:58 | Crear | Villager (Male) |
| 2:26 | Crear | Villager (Male) |
| 2:57 | Crear | Villager (Male) |
| 3:17 | Crear | Villager (Male) |
| 3:25 | Construir | House |
| 3:59 | Crear | Villager (Male) |
| 4:00 | Crear | Villager (Male) |
| 4:14 | Construir | Lumber Camp |
| 4:30 | Construir | House |
| 4:36 | Crear | Villager (Male) |
| 5:04 | Crear | Villager (Male) |
| 5:16 | Construir | Mill |
| 5:30 | Crear | Villager (Male) |
| 5:38 | Crear | Villager (Male) |
| 6:18 | Crear | Villager (Male) |
| 6:19 | Crear | Villager (Male) |
| 6:20 | Crear | Villager (Male) |
| 6:56 | Crear | Villager (Male) |
| 7:13 | Crear | Villager (Male) |
| 7:26 | Construir | Barracks |
| 7:43 | Construir | House |
| 8:03 | Crear | Villager (Male) ×2 |
| 8:34 | Crear | Villager (Male) |
| 8:47 | Construir | Palisade Gate |
| 8:49 | Construir | House |
| 8:57 | Crear | Villager (Male) |
| 8:57 | Crear | Villager (Male) |
| 9:27 | Construir | Mining Camp |
| 9:37 | Construir | House |
| 10:38 | Investigar | Feudal Age |
| 10:50 | Construir | Barracks |
| 10:59 | Construir | Palisade Gate |
| 11:00 | Crear | Militia |
| 11:01 | Crear | Militia |
| 11:08 | Crear | Villager (Male) |
| 11:08 | Crear | Villager (Male) |
| 11:24 | Crear | Militia |
| 11:41 | Construir | House |
| 11:43 | Construir | House |
| 11:55 | Crear | Militia |
| 12:11 | Crear | Militia |
| 12:48 | Edad | Edad Feudal |
| 12:50 | Investigar | Man-at-Arms (upgrade) |
| 12:53 | Investigar | Gold Mining |
| 12:55 | Investigar | Double-Bit Axe |
| 12:59 | Crear | Militia |
| 13:16 | Crear | Villager (Male) |
| 13:25 | Construir | Blacksmith |
| 13:49 | Crear | Villager (Male) |
| 13:53 | Construir | Mill |
| 13:57 | Construir | Farm |
| 13:58 | Construir | Farm |
| 13:58 | Construir | Farm |
| 13:59 | Construir | Farm |
| 14:00 | Construir | Farm |
| 14:04 | Crear | Villager (Male) |
| 14:05 | Investigar | Horse Collar |
| 14:25 | Investigar | Forging |
| 14:30 | Construir | House |
| 14:40 | Crear | Villager (Male) |
| 14:58 | Crear | Villager (Male) |
| 15:47 | Crear | Militia |
| 15:48 | Crear | Militia |
| 15:59 | Crear | Villager (Male) |
| 16:05 | Construir | House |
| 16:10 | Construir | Palisade Gate |
| 16:27 | Crear | Villager (Male) |
| 16:28 | Construir | Farm |
| 16:34 | Construir | Market |
| 16:37 | Crear | Villager (Male) |
| 16:54 | Construir | House |
| 16:56 | Construir | House |
| 17:03 | Construir | Farm |
| 17:05 | Crear | Villager (Male) |
| 17:08 | Investigar | Scale Mail Armor |
| 17:27 | Construir | Farm |
| 17:30 | Construir | Farm |
| 17:30 | Construir | Farm |
| 17:31 | Construir | Farm |
| 17:31 | Construir | Farm |
| 17:33 | Crear | Villager (Male) |
| 17:51 | Construir | Barracks |
| 17:58 | Construir | Farm |
| 18:00 | Crear | Villager (Male) |
| 18:14 | Construir | Farm |
| 18:16 | Crear | Villager (Male) |
| 18:46 | Construir | Palisade Gate |
| 18:50 | Construir | Farm |
| 18:56 | Investigar | Wheelbarrow |
| 19:02 | Construir | Farm |
| 19:31 | Construir | House |
| 20:19 | Investigar | Castle Age |
| 20:24 | Construir | Barracks |
| 20:33 | Crear | Militia ×3 |
| 20:48 | Crear | Militia |
| 20:51 | Crear | Militia |
| 20:52 | Crear | Militia |
| 20:58 | Construir | Mill |
| 21:04 | Crear | Militia ×3 |
| 21:19 | Construir | House |
| 21:20 | Construir | House |
| 21:26 | Crear | Militia ×3 |
| 21:27 | Crear | Militia |
| 21:36 | Construir | House |
| 21:38 | Construir | House |
| 21:40 | Crear | Militia ×2 |
| 21:50 | Crear | Militia |
| 21:59 | Crear | Militia |
| 22:00 | Crear | Militia |
| 22:02 | Crear | Militia |
| 22:04 | Crear | Militia |
| 22:16 | Crear | Militia |
| 22:19 | Crear | Militia |
| 22:31 | Crear | Militia |
| 22:34 | Crear | Militia |
| 22:35 | Crear | Militia |
| 22:35 | Crear | Militia |
| 22:59 | Edad | Edad de los Castillos |
| 23:00 | Investigar | Long Swordsman (upgrade) |
| 23:01 | Investigar | Squires |
| 23:08 | Construir | Siege Workshop |
| 23:16 | Investigar | Iron Casting |
| 23:21 | Construir | Town Center |
| 23:50 | Investigar | Chain Mail Armor |
| 23:56 | Crear | Militia ×3 |
| 24:02 | Construir | House |
| 24:06 | Crear | Battering Ram |
| 24:06 | Crear | Battering Ram |
| 24:16 | Crear | Militia |
| 24:44 | Crear | Militia ×5 |
| 24:44 | Crear | Militia ×5 |
| 25:10 | Construir | Farm |
| 25:10 | Construir | Farm |
| 25:11 | Construir | Farm |
| 25:11 | Construir | Farm |
| 25:16 | Investigar | Bow Saw |
| 25:18 | Investigar | Heavy Plow |
| 25:21 | Construir | House |
| 25:22 | Construir | House |
| 25:22 | Construir | House |
| 26:18 | Investigar | Hand Cart |
| 26:20 | Crear | Villager (Male) ×3 |
| 26:34 | Construir | Monastery |
| 26:41 | Construir | Farm |
Build order — BobTheNoob_AoE
Primeras 150 de 399 acciones detectadas
| 0:00 | Crear | Villager (Male) |
| 0:00 | Crear | Villager (Male) |
| 0:01 | Crear | Villager (Male) |
| 0:01 | Crear | Villager (Male) |
| 0:03 | Construir | House |
| 0:05 | Construir | House |
| 1:28 | Crear | Villager (Male) |
| 2:13 | Crear | Villager (Male) |
| 2:24 | Crear | Villager (Male) |
| 2:46 | Construir | Lumber Camp |
| 2:59 | Crear | Villager (Male) |
| 3:19 | Crear | Villager (Male) |
| 3:19 | Crear | Villager (Male) |
| 3:24 | Construir | House |
| 3:51 | Crear | Villager (Male) |
| 4:15 | Crear | Villager (Male) |
| 4:16 | Crear | Villager (Male) |
| 4:16 | Crear | Villager (Male) |
| 4:17 | Crear | Villager (Male) |
| 5:36 | Construir | House |
| 5:40 | Crear | Villager (Male) |
| 5:48 | Construir | Dock |
| 6:01 | Crear | Villager (Male) |
| 6:02 | Crear | Villager (Male) |
| 6:26 | Crear | Villager (Male) |
| 6:27 | Crear | Villager (Male) |
| 6:27 | Crear | Villager (Male) |
| 6:51 | Crear | Fishing Ship |
| 6:52 | Crear | Fishing Ship |
| 7:40 | Crear | Fishing Ship |
| 7:40 | Crear | Fishing Ship |
| 8:07 | Construir | House |
| 8:39 | Construir | House |
| 8:57 | Crear | Fishing Ship |
| 9:07 | Crear | Villager (Male) |
| 9:07 | Crear | Villager (Male) |
| 9:09 | Construir | House |
| 9:14 | Construir | Mill |
| 9:26 | Construir | Dock |
| 10:04 | Construir | Mining Camp |
| 10:11 | Construir | Mining Camp |
| 10:33 | Investigar | Feudal Age |
| 11:36 | Crear | Fishing Ship |
| 11:39 | Crear | Fishing Ship |
| 12:28 | Crear | Villager (Male) |
| 12:29 | Crear | Villager (Male) |
| 12:43 | Edad | Edad Feudal |
| 12:46 | Construir | Market |
| 12:49 | Construir | Blacksmith |
| 13:48 | Investigar | Loom |
| 14:18 | Investigar | Castle Age |
| 14:22 | Construir | Fish Trap |
| 14:24 | Construir | Fish Trap |
| 14:26 | Construir | Fish Trap |
| 14:28 | Construir | Fish Trap |
| 14:32 | Construir | Fish Trap |
| 15:04 | Construir | Fish Trap |
| 15:12 | Investigar | Double-Bit Axe |
| 15:40 | Construir | Gate |
| 15:43 | Construir | Stone Wall |
| 15:46 | Construir | Stone Wall |
| 16:00 | Construir | Fish Trap |
| 16:41 | Crear | Villager (Male) |
| 16:41 | Crear | Villager (Male) |
| 16:58 | Edad | Edad de los Castillos |
| 17:00 | Construir | Town Center |
| 17:06 | Investigar | Tech 906 |
| 17:10 | Crear | Fishing Ship |
| 17:10 | Crear | Fishing Ship |
| 17:24 | Investigar | Bow Saw |
| 17:30 | Construir | House |
| 17:31 | Construir | House |
| 18:01 | Construir | Fish Trap |
| 18:06 | Crear | Fishing Ship |
| 18:07 | Crear | Villager (Male) |
| 18:07 | Crear | Villager (Male) |
| 18:08 | Crear | Villager (Male) |
| 18:14 | Construir | House |
| 18:15 | Construir | House |
| 18:16 | Construir | House |
| 18:18 | Construir | House |
| 18:43 | Construir | Fish Trap |
| 18:44 | Crear | Villager (Male) |
| 18:45 | Crear | Villager (Male) |
| 18:54 | Crear | Villager (Male) |
| 18:54 | Crear | Villager (Male) |
| 19:04 | Construir | Fish Trap |
| 19:26 | Investigar | Wheelbarrow |
| 19:32 | Crear | Fishing Ship |
| 19:32 | Crear | Fishing Ship |
| 19:39 | Investigar | Horse Collar |
| 19:50 | Crear | Villager (Male) |
| 19:50 | Crear | Villager (Male) |
| 20:11 | Construir | Dock |
| 20:14 | Crear | Villager (Male) |
| 20:14 | Crear | Villager (Male) |
| 20:16 | Crear | Villager (Male) |
| 20:32 | Construir | Fish Trap |
| 20:36 | Crear | Fishing Ship |
| 20:36 | Crear | Fishing Ship |
| 20:41 | Crear | Villager (Male) |
| 20:44 | Construir | House |
| 20:47 | Construir | House |
| 20:48 | Construir | House |
| 20:49 | Construir | House |
| 20:52 | Crear | Villager (Male) |
| 21:14 | Construir | Castle |
| 21:32 | Construir | Fish Trap |
| 21:37 | Construir | Fish Trap |
| 21:40 | Crear | Fishing Ship |
| 21:40 | Crear | Fishing Ship |
| 21:41 | Crear | Fishing Ship |
| 21:48 | Crear | Villager (Male) |
| 21:49 | Crear | Villager (Male) |
| 22:01 | Construir | Town Center |
| 22:18 | Construir | Barracks |
| 22:20 | Crear | Villager (Male) |
| 22:21 | Crear | Villager (Male) |
| 22:21 | Crear | Villager (Male) |
| 22:21 | Crear | Villager (Male) |
| 22:35 | Construir | Fish Trap |
| 22:36 | Construir | Fish Trap |
| 22:42 | Construir | Fish Trap |
| 23:01 | Crear | Villager (Male) |
| 23:01 | Crear | Villager (Male) |
| 23:06 | Construir | House |
| 23:07 | Construir | House |
| 23:08 | Construir | House |
| 23:10 | Construir | House |
| 23:10 | Construir | House |
| 23:12 | Crear | Villager (Male) |
| 23:19 | Crear | Fishing Ship |
| 23:19 | Crear | Fishing Ship |
| 23:20 | Crear | Fishing Ship |
| 23:29 | Investigar | Stone Mining |
| 23:31 | Investigar | Gold Mining |
| 23:41 | Crear | Villager (Male) |
| 23:41 | Crear | Villager (Male) |
| 23:41 | Crear | Villager (Male) |
| 24:01 | Investigar | Fletching |
| 24:02 | Investigar | Padded Archer Armor |
| 24:09 | Construir | University |
| 24:16 | Crear | Mangudai ×5 |
| 24:26 | Construir | Fish Trap |
| 24:29 | Construir | Fish Trap |
| 24:40 | Construir | Stable |
| 25:05 | Crear | Mangudai |
| 25:05 | Crear | Mangudai |
| 25:06 | Crear | Villager (Male) |
| 25:07 | Crear | Villager (Male) |
Cronología de la partida
| 0:25 | simirfan · wall_segment Palisade Wall x12 |
| 0:41 | Geosim · wall_segment Palisade Wall x18 |
| 1:14 | M.S. · wall_segment Palisade Wall x6 |
| 1:18 | M.S. · wall_segment Palisade Wall x5 |
| 1:50 | M.S. · wall_segment Palisade Wall x3 |
| 2:47 | Jagobert Juck · wall_segment Palisade Wall x1 |
| 3:01 | Jagobert Juck · wall_segment Palisade Wall x1 |
| 3:02 | Jagobert Juck · wall_segment Palisade Wall x1 |
| 3:31 | Essig · wall_segment Palisade Wall x3 |
| 3:58 | Essig · wall_segment Palisade Wall x3 |
| 4:01 | Essig · wall_segment Palisade Wall x2 |
| 5:45 | Essig · wall_segment Palisade Wall x1 |
| 5:48 | BobTheNoob_AoE · first_building Dock |
| 6:03 | Essig · wall_segment Palisade Wall x2 |
| 6:16 | simirfan · wall_segment Palisade Wall x5 |
| 7:26 | Geosim · first_building Barracks |
| 11:50 | Jagobert Juck · first_building Dock |
| 11:54 | Essig · first_building Barracks |
| 12:43 | BobTheNoob_AoE · age_up feudal |
| 12:48 | Geosim · age_up feudal |
| 12:57 | Jagobert Juck · age_up feudal |
| 13:32 | simirfan · wall_segment Palisade Wall x1 |
| 13:59 | simirfan · first_building Dock |
| 14:13 | Jagobert Juck · wall_segment Stone Wall x1 |
| 14:24 | Jagobert Juck · wall_segment Stone Wall x6 |
| 14:44 | M.S. · age_up feudal |
| 14:50 | simirfan · age_up feudal |
| 14:57 | M.S. · wall_segment Stone Wall x2 |
| 15:00 | M.S. · wall_segment Stone Wall x4 |
| 15:02 | simirfan · wall_segment Stone Wall x3 |
| 15:04 | simirfan · wall_segment Stone Wall x3 |
| 15:06 | Essig · age_up feudal |
| 15:08 | simirfan · wall_segment Stone Wall x5 |
| 15:43 | Essig · first_building Archery Range |
| 15:43 | BobTheNoob_AoE · wall_segment Stone Wall x1 |
| 15:46 | BobTheNoob_AoE · wall_segment Stone Wall x1 |
| 16:07 | simirfan · wall_segment Stone Wall x1 |
| 16:11 | M.S. · wall_segment Stone Wall x15 |
| 16:58 | BobTheNoob_AoE · age_up castle |
| 16:59 | M.S. · first_building Dock |
| 17:11 | simirfan · first_building Barracks |
| 17:23 | BobTheNoob_AoE · first_market_buy 100 wood |
| 17:53 | simirfan · wall_segment Stone Wall x5 |
| 18:11 | Jagobert Juck · age_up castle |
| 19:06 | M.S. · wall_segment Stone Wall x14 |
| 20:06 | M.S. · age_up castle |
| 20:34 | M.S. · first_market_buy 100 wood |
| 21:14 | BobTheNoob_AoE · first_building Castle |
| 21:16 | simirfan · wall_segment Stone Wall x6 |
| 21:26 | Jagobert Juck · first_building Monastery |
| 22:18 | BobTheNoob_AoE · first_building Barracks |
| 22:29 | Jagobert Juck · first_building Siege Workshop |
| 22:36 | Jagobert Juck · first_building Castle |
| 22:49 | Essig · wall_segment Stone Wall x5 |
| 22:51 | Geosim · first_market_sell 100 wood |
| 22:51 | Essig · wall_segment Stone Wall x1 |
| 22:52 | simirfan · age_up castle |
| 22:52 | Geosim · first_market_buy 100 food |
| 22:59 | Geosim · age_up castle |
| 23:08 | Geosim · first_building Siege Workshop |
| 23:12 | simirfan · first_market_buy 100 wood |
| 24:02 | simirfan · wall_segment Stone Wall x4 |
| 24:07 | M.S. · first_building Monastery |
| 24:40 | BobTheNoob_AoE · first_building Stable |
| 24:59 | simirfan · first_building Siege Workshop |
| 25:00 | M.S. · wall_segment Stone Wall x13 |
| 26:34 | Geosim · first_building Monastery |
| 26:50 | M.S. · wall_segment Stone Wall x10 |
| 26:55 | simirfan · first_building Castle |
| 28:42 | BobTheNoob_AoE · first_market_sell 100 food |
| 28:48 | Jagobert Juck · first_building Barracks |
| 30:34 | M.S. · wall_segment Stone Wall x30 |
| 30:57 | M.S. · first_building Barracks |
| 31:21 | Jagobert Juck · first_building Archery Range |
| 31:33 | Jagobert Juck · age_up imperial |
| 31:54 | BobTheNoob_AoE · age_up imperial |
| 32:12 | M.S. · first_building Siege Workshop |
| 32:42 | simirfan · first_building Monastery |
| 32:57 | M.S. · age_up imperial |
| 33:07 | M.S. · first_building Archery Range |
| 33:33 | M.S. · wall_segment Stone Wall x14 |
| 33:37 | M.S. · wall_segment Stone Wall x5 |
| 33:37 | Geosim · first_building Castle |
| 34:14 | BobTheNoob_AoE · first_building Siege Workshop |
| 35:41 | M.S. · first_building Castle |
| 36:02 | BobTheNoob_AoE · tribute_sent a jugador 1 |
| 36:02 | BobTheNoob_AoE · tribute_sent a jugador 2 |
| 36:02 | BobTheNoob_AoE · tribute_sent a jugador 3 |
| 36:02 | BobTheNoob_AoE · tribute_sent a jugador 4 |
| 36:02 | BobTheNoob_AoE · tribute_sent a jugador 5 |
| 37:10 | M.S. · wall_segment Stone Wall x1 |
| 37:13 | M.S. · wall_segment Stone Wall x6 |
| 37:17 | Geosim · age_up imperial |
| 38:34 | simirfan · first_market_sell 500 stone |
| 39:06 | Essig · age_up castle |
| 40:24 | M.S. · wall_segment Stone Wall x7 |
| 40:28 | M.S. · wall_segment Stone Wall x7 |
| 41:17 | simirfan · age_up imperial |
| 41:32 | simirfan · wall_segment Stone Wall x5 |
| 41:35 | simirfan · wall_segment Stone Wall x12 |
| 43:35 | M.S. · first_building Stable |
| 44:13 | M.S. · first_market_sell 500 food |
| 44:29 | Jagobert Juck · tribute_sent a jugador 1 |
| 44:29 | Jagobert Juck · tribute_sent a jugador 3 |
| 44:29 | Jagobert Juck · tribute_sent a jugador 4 |
| 44:29 | Jagobert Juck · tribute_sent a jugador 5 |
| 44:29 | Jagobert Juck · tribute_sent a jugador 6 |
| 45:26 | Geosim · first_building Stable |
| 45:58 | Essig · first_building Siege Workshop |
| 49:33 | Essig · first_market_sell 100 food |
| 51:25 | Jagobert Juck · tribute_sent a jugador 1 |
| 51:25 | Jagobert Juck · tribute_sent a jugador 3 |
| 51:25 | Jagobert Juck · tribute_sent a jugador 4 |
| 51:25 | Jagobert Juck · tribute_sent a jugador 5 |
| 51:25 | Jagobert Juck · tribute_sent a jugador 6 |
| 51:39 | Essig · first_building Castle |
| 51:51 | BobTheNoob_AoE · wall_segment Stone Wall x2 |
| 53:08 | Essig · first_market_buy 100 stone |
| 53:42 | Essig · age_up imperial |
| 56:24 | Jagobert Juck · wall_segment Stone Wall x1 |
| 58:04 | Jagobert Juck · resign |
[ ANÁLISIS IA · 1 CRÉDITO ]
¿Qué pasó realmente en esta partida?
Wolo.gg analiza cada decisión: build order, eco, micro, errores típicos por bracket. Análisis personalizado por WhatsApp o Discord en 30 segundos.
Guía civ
Celtas
Guía mapa
Black Forest
Perfil
Jugador #2024950